[ AOE2 MATCH · #506131343 ]
UnrankedMalay vs Hindustanis
Player's team · WIN
[ REPLAY ANALYSIS · EXTRACTED FROM THE RECORDED GAME ]
Feudal
8:53
Castle
25:21
Imperial
—
| APM avg | 37.7 |
| APM peak | 80 |
| eAPM avg | 16.1 |
| Villagers / military | 71 / 17 |
Focus
⚔️ 34.6% · 🌾 65.4%
Battle Elephant ×8 · Militia ×6 · Mangonel ×3
Feudal
10:56
Castle
21:46
Imperial
—
| APM avg | 29.0 |
| APM peak | 67 |
| eAPM avg | 20.4 |
| Villagers / military | 59 / 29 |
Focus
⚔️ 42.0% · 🌾 58.0%
Spearman ×13 · Ghulam ×11 · Monk ×3 · Armored Elephant ×2
Match map
Initial resources + every placement click. Lines = walls · curves = elevation contours. ◆ gold · ⬟ stone · ● berries · ✦ relic · ◌ wall gap
Your base· ✓ Closed at 25:21 · 45t walls · 3 gate(s) · fragile
moneymickey's base· Open — 1t gap
Smoothed initial terrain · ◌ = detected wall gap · hover for details
Inputs per minute
— Ellis - - moneymickey
Build order — Ellis
First 150 of 194 actions detected
| 0:00 | Queue | Villager (Male) |
| 0:02 | Build | House |
| 0:03 | Build | House |
| 0:08 | Queue | Villager (Male) |
| 0:13 | Queue | Villager (Male) |
| 0:16 | Queue | Villager (Male) |
| 1:18 | Queue | Villager (Male) |
| 1:57 | Queue | Villager (Male) |
| 2:27 | Build | Lumber Camp |
| 2:35 | Queue | Villager (Male) |
| 2:47 | Queue | Villager (Male) |
| 3:06 | Queue | Villager (Male) |
| 3:35 | Build | House |
| 3:36 | Build | House |
| 3:48 | Queue | Villager (Male) |
| 4:07 | Queue | Villager (Male) |
| 4:30 | Queue | Villager (Male) |
| 4:43 | Build | Mill |
| 4:57 | Queue | Villager (Male) |
| 5:13 | Queue | Villager (Male) |
| 5:38 | Queue | Villager (Male) |
| 6:12 | Queue | Villager (Male) |
| 6:39 | Queue | Villager (Male) |
| 6:40 | Research | Loom |
| 7:16 | Build | Barracks |
| 7:30 | Research | Feudal Age |
| 7:48 | Build | Mining Camp |
| 8:06 | Queue | Militia |
| 8:06 | Queue | Militia |
| 8:53 | Age | Feudal Age |
| 8:53 | Queue | Militia |
| 8:57 | Queue | Villager (Male) |
| 8:59 | Research | Double-Bit Axe |
| 9:12 | Build | Palisade Wall |
| 9:19 | Research | Man-at-Arms (upgrade) |
| 9:29 | Build | Mining Camp |
| 9:35 | Queue | Villager (Male) |
| 9:42 | Build | House |
| 9:45 | Research | Town Watch |
| 9:59 | Build | Watch Tower |
| 10:04 | Queue | Villager (Male) |
| 10:14 | Build | House |
| 10:28 | Build | Palisade Wall |
| 10:30 | Build | Palisade Wall |
| 10:38 | Queue | Villager (Male) |
| 10:45 | Build | Palisade Wall |
| 10:49 | Build | Palisade Wall |
| 11:12 | Build | House |
| 11:13 | Queue | Villager (Male) |
| 11:34 | Build | House |
| 11:35 | Queue | Villager (Male) |
| 11:51 | Build | Palisade Gate |
| 11:56 | Build | Palisade Gate |
| 11:59 | Build | House |
| 12:01 | Queue | Villager (Male) |
| 12:10 | Build | Palisade Wall |
| 12:28 | Build | Watch Tower |
| 12:48 | Build | Farm |
| 12:50 | Build | Blacksmith |
| 12:57 | Build | Farm |
| 13:09 | Build | House |
| 13:19 | Build | Farm |
| 13:35 | Build | Palisade Wall |
| 13:36 | Build | Palisade Wall |
| 13:37 | Build | Palisade Wall |
| 13:37 | Build | Palisade Wall |
| 13:39 | Build | Palisade Wall |
| 13:40 | Build | Palisade Wall |
| 13:43 | Build | Palisade Wall |
| 13:47 | Queue | Villager (Male) |
| 13:48 | Build | Farm |
| 13:56 | Build | Watch Tower |
| 14:13 | Queue | Villager (Male) |
| 14:33 | Build | Stone Wall |
| 14:40 | Queue | Villager (Male) |
| 14:42 | Build | Farm |
| 14:42 | Build | Farm |
| 15:01 | Build | Watch Tower |
| 15:12 | Research | Fletching |
| 15:12 | Research | Fletching |
| 15:26 | Build | Stone Wall |
| 15:40 | Queue | Villager (Male) |
| 16:00 | Build | Watch Tower |
| 16:01 | Queue | Villager (Male) |
| 16:12 | Build | Stone Wall |
| 16:13 | Build | Stone Wall |
| 16:44 | Queue | Villager (Male) |
| 16:55 | Research | Horse Collar |
| 16:55 | Queue | Villager (Male) |
| 17:04 | Queue | Villager (Male) |
| 17:16 | Build | Stone Wall |
| 17:22 | Queue | Villager (Male) |
| 17:43 | Queue | Villager (Male) |
| 17:48 | Queue | Militia |
| 17:48 | Queue | Militia |
| 17:49 | Queue | Villager (Male) |
| 18:05 | Queue | Villager (Male) |
| 18:25 | Queue | Villager (Male) |
| 18:28 | Build | Stone Wall |
| 18:30 | Build | Stone Wall |
| 18:30 | Queue | Villager (Male) |
| 18:41 | Queue | Militia |
| 18:46 | Build | Farm |
| 18:48 | Build | Farm |
| 18:49 | Build | Farm |
| 18:49 | Queue | Villager (Male) |
| 19:09 | Queue | Villager (Male) |
| 19:18 | Research | Arson |
| 19:30 | Queue | Villager (Male) |
| 19:35 | Queue | Villager (Male) |
| 19:58 | Build | Palisade Gate |
| 20:01 | Build | Market |
| 20:03 | Queue | Villager (Male) |
| 20:18 | Build | Watch Tower |
| 20:23 | Queue | Villager (Male) |
| 21:07 | Queue | Villager (Male) |
| 21:10 | Queue | Villager (Male) |
| 21:13 | Build | Farm |
| 21:13 | Queue | Villager (Male) |
| 21:16 | Build | Farm |
| 21:31 | Queue | Villager (Male) |
| 21:37 | Research | Wheelbarrow |
| 21:37 | Queue | Villager (Male) |
| 21:44 | Build | Watch Tower |
| 21:50 | Build | Watch Tower |
| 21:51 | Queue | Villager (Male) |
| 21:54 | Build | House |
| 21:58 | Build | Stone Wall |
| 22:13 | Queue | Villager (Male) |
| 22:39 | Queue | Villager (Male) |
| 22:53 | Build | Mining Camp |
| 23:05 | Build | Lumber Camp |
| 23:45 | Research | Castle Age |
| 23:45 | Research | Castle Age |
| 23:48 | Build | Farm |
| 23:51 | Build | Farm |
| 24:23 | Build | Mining Camp |
| 24:36 | Research | Stone Mining |
| 24:53 | Build | Stable |
| 25:17 | Build | Farm |
| 25:19 | Build | Farm |
| 25:20 | Build | Farm |
| 25:21 | Age | Castle Age |
| 25:30 | Research | Scale Barding Armor |
| 25:31 | Research | Scale Barding Armor |
| 25:35 | Build | Mill |
| 25:37 | Queue | Villager (Male) |
| 25:53 | Queue | Battle Elephant |
| 26:00 | Build | Farm |
| 26:09 | Queue | Battle Elephant |
Build order — moneymickey
First 150 of 172 actions detected
| 0:01 | Queue | Villager (Male) |
| 0:01 | Queue | Villager (Male) |
| 0:02 | Build | House |
| 0:04 | Build | House |
| 0:11 | Queue | Villager (Male) |
| 0:34 | Queue | Villager (Male) |
| 1:05 | Queue | Villager (Male) |
| 1:51 | Build | Lumber Camp |
| 1:59 | Queue | Villager (Male) |
| 2:24 | Queue | Villager (Male) |
| 2:43 | Queue | Villager (Male) |
| 3:06 | Queue | Villager (Male) |
| 3:07 | Queue | Villager (Male) |
| 3:49 | Build | House |
| 4:01 | Queue | Villager (Male) |
| 4:05 | Build | House |
| 4:12 | Queue | Villager (Male) |
| 4:33 | Build | Mill |
| 4:45 | Queue | Villager (Male) |
| 4:53 | Queue | Villager (Male) |
| 5:38 | Queue | Villager (Male) |
| 5:38 | Queue | Villager (Male) |
| 5:49 | Queue | Villager (Male) |
| 5:55 | Queue | Villager (Male) |
| 6:19 | Queue | Villager (Male) |
| 6:52 | Build | Mining Camp |
| 7:08 | Queue | Villager (Male) |
| 7:11 | Research | Loom |
| 7:40 | Build | Mining Camp |
| 7:46 | Build | Palisade Wall |
| 7:49 | Build | Palisade Wall |
| 8:34 | Research | Feudal Age |
| 8:58 | Build | House |
| 9:05 | Build | Palisade Wall |
| 9:09 | Build | Palisade Wall |
| 9:12 | Build | Palisade Wall |
| 9:14 | Build | Palisade Wall |
| 9:26 | Build | Palisade Wall |
| 9:31 | Build | Palisade Wall |
| 9:32 | Build | Palisade Wall |
| 9:37 | Queue | Villager (Male) |
| 9:39 | Build | Barracks |
| 10:18 | Build | House |
| 10:20 | Queue | Villager (Male) |
| 10:48 | Build | House |
| 10:56 | Age | Feudal Age |
| 10:57 | Queue | Villager (Male) |
| 11:06 | Build | Watch Tower |
| 11:11 | Research | Town Watch |
| 11:12 | Queue | Villager (Male) |
| 11:21 | Research | Double-Bit Axe |
| 11:22 | Queue | Villager (Male) |
| 11:26 | Build | House |
| 11:27 | Build | House |
| 11:32 | Queue | Villager (Male) |
| 11:59 | Build | Watch Tower |
| 12:05 | Queue | Villager (Male) |
| 12:17 | Queue | Villager (Male) |
| 13:07 | Queue | Villager (Male) |
| 13:12 | Build | Blacksmith |
| 13:13 | Queue | Villager (Male) |
| 13:33 | Queue | Villager (Male) |
| 13:38 | Queue | Villager (Male) |
| 13:42 | Build | Farm |
| 13:44 | Build | Farm |
| 13:46 | Queue | Villager (Male) |
| 14:04 | Queue | Villager (Male) |
| 14:10 | Build | Lumber Camp |
| 14:15 | Build | Market |
| 14:18 | Queue | Villager (Male) |
| 14:36 | Build | Market |
| 14:40 | Queue | Villager (Male) |
| 14:56 | Research | Fletching |
| 15:04 | Build | Farm |
| 15:06 | Build | Farm |
| 15:08 | Build | Farm |
| 15:08 | Queue | Villager (Male) |
| 15:14 | Queue | Villager (Male) |
| 15:24 | Queue | Villager (Male) |
| 15:40 | Build | Watch Tower |
| 15:42 | Build | Mining Camp |
| 15:50 | Build | Farm |
| 15:53 | Build | Farm |
| 15:55 | Build | Farm |
| 15:57 | Queue | Villager (Male) |
| 16:07 | Build | House |
| 16:10 | Build | House |
| 16:15 | Build | House |
| 16:28 | Queue | Villager (Male) |
| 16:31 | Build | Farm |
| 16:59 | Queue | Villager (Male) |
| 18:05 | Queue | Villager (Male) |
| 18:21 | Build | Mining Camp |
| 19:06 | Research | Castle Age |
| 19:34 | Queue | Villager (Male) |
| 19:58 | Queue | Villager (Male) |
| 20:10 | Research | Horse Collar |
| 20:16 | Build | Lumber Camp |
| 20:28 | Build | Stone Wall |
| 20:33 | Build | Stone Wall |
| 20:34 | Build | Stone Wall |
| 20:37 | Build | Stone Wall |
| 20:40 | Build | Stone Wall |
| 20:42 | Build | Stone Wall |
| 21:17 | Queue | Villager (Male) |
| 21:35 | Queue | Villager (Male) |
| 21:46 | Age | Castle Age |
| 21:56 | Queue | Villager (Male) |
| 22:12 | Build | Castle |
| 22:14 | Queue | Villager (Male) |
| 22:27 | Queue | Villager (Male) |
| 22:37 | Queue | Villager (Male) |
| 23:03 | Queue | Villager (Male) |
| 23:21 | Build | Town Center |
| 23:48 | Queue | Ghulam |
| 24:08 | Queue | Ghulam |
| 24:12 | Build | Farm |
| 24:24 | Queue | Ghulam |
| 24:33 | Queue | Ghulam |
| 24:33 | Queue | Ghulam |
| 24:41 | Queue | Villager (Male) |
| 24:41 | Queue | Villager (Male) |
| 24:49 | Queue | Villager (Male) |
| 24:49 | Queue | Villager (Male) |
| 25:06 | Queue | Ghulam |
| 25:06 | Queue | Ghulam |
| 26:00 | Queue | Spearman |
| 26:00 | Queue | Spearman |
| 26:00 | Queue | Spearman |
| 26:02 | Queue | Villager (Male) |
| 26:55 | Build | Mill |
| 26:56 | Build | Farm |
| 26:57 | Build | Farm |
| 26:57 | Build | Farm |
| 26:57 | Build | Farm |
| 26:58 | Build | Farm |
| 26:58 | Build | Farm |
| 27:13 | Research | Forging |
| 27:31 | Queue | Ghulam |
| 27:36 | Build | Monastery |
| 27:40 | Queue | Ghulam |
| 27:44 | Build | Farm |
| 27:45 | Build | Farm |
| 27:48 | Build | Farm |
| 27:48 | Build | Farm |
| 27:53 | Build | Farm |
| 27:56 | Queue | Villager (Male) |
| 28:14 | Queue | Ghulam |
| 28:19 | Queue | Monk |
| 28:23 | Build | House |
Match timeline
| 7:16 | Ellis · first_building Barracks |
| 7:46 | moneymickey · wall_segment Palisade Wall x1 |
| 7:49 | moneymickey · wall_segment Palisade Wall x1 |
| 8:53 | Ellis · age_up feudal |
| 9:05 | moneymickey · wall_segment Palisade Wall x1 |
| 9:09 | moneymickey · wall_segment Palisade Wall x1 |
| 9:12 | moneymickey · wall_segment Palisade Wall x1 |
| 9:12 | Ellis · wall_segment Palisade Wall x1 |
| 9:14 | moneymickey · wall_segment Palisade Wall x1 |
| 9:26 | moneymickey · wall_segment Palisade Wall x1 |
| 9:31 | moneymickey · wall_segment Palisade Wall x1 |
| 9:32 | moneymickey · wall_segment Palisade Wall x1 |
| 9:39 | moneymickey · first_building Barracks |
| 10:28 | Ellis · wall_segment Palisade Wall x1 |
| 10:30 | Ellis · wall_segment Palisade Wall x1 |
| 10:45 | Ellis · wall_segment Palisade Wall x1 |
| 10:49 | Ellis · wall_segment Palisade Wall x1 |
| 10:56 | moneymickey · age_up feudal |
| 12:10 | Ellis · wall_segment Palisade Wall x5 |
| 13:35 | Ellis · wall_segment Palisade Wall x1 |
| 13:36 | Ellis · wall_segment Palisade Wall x1 |
| 13:37 | Ellis · wall_segment Palisade Wall x1 |
| 13:37 | Ellis · wall_segment Palisade Wall x1 |
| 13:39 | Ellis · wall_segment Palisade Wall x3 |
| 13:40 | Ellis · wall_segment Palisade Wall x2 |
| 13:43 | Ellis · wall_segment Palisade Wall x1 |
| 14:33 | Ellis · wall_segment Stone Wall x5 |
| 15:26 | Ellis · wall_segment Stone Wall x6 |
| 16:12 | Ellis · wall_segment Stone Wall x5 |
| 16:13 | Ellis · wall_segment Stone Wall x2 |
| 17:16 | Ellis · wall_segment Stone Wall x5 |
| 18:06 | moneymickey · first_market_sell 100 wood |
| 18:08 | moneymickey · first_market_buy 100 food |
| 18:28 | Ellis · wall_segment Stone Wall x6 |
| 18:30 | Ellis · wall_segment Stone Wall x3 |
| 20:28 | moneymickey · wall_segment Stone Wall x1 |
| 20:33 | moneymickey · wall_segment Stone Wall x1 |
| 20:34 | moneymickey · wall_segment Stone Wall x1 |
| 20:37 | moneymickey · wall_segment Stone Wall x1 |
| 20:40 | moneymickey · wall_segment Stone Wall x1 |
| 20:42 | moneymickey · wall_segment Stone Wall x1 |
| 21:26 | Ellis · first_market_sell 100 wood |
| 21:29 | Ellis · first_market_buy 100 food |
| 21:46 | moneymickey · age_up castle |
| 21:58 | Ellis · wall_segment Stone Wall x2 |
| 22:12 | moneymickey · first_building Castle |
| 24:53 | Ellis · first_building Stable |
| 25:21 | Ellis · age_up castle |
| 27:36 | moneymickey · first_building Monastery |
| 28:26 | moneymickey · first_building Siege Workshop |
| 29:15 | Ellis · first_building Siege Workshop |
| 32:29 | Ellis · first_building Monastery |
| 32:59 | moneymickey · resign |
[ AI ANALYSIS · 1 CREDIT ]
What really happened in this match?
Wolo.gg analyzes every decision: build order, eco, micro, common mistakes by bracket. Personalized analysis on WhatsApp or Discord in 30 seconds.
Civ guide
Malay
Perfil
Jugador #18015351